 Dungeon Crawl Stone Soup version 0.31.0-11-ge490571c62 (webtiles) character file.

Game seed: 5893790272770293070

150 Gadfly the Insei (level 5, -11/41 HPs)
             Began as a Demonspawn Monk on Feb 2, 2024.
             Shot with an arrow by a centaur (15 damage)
             ... on level 3 of the Dungeon.
             The game lasted 00:03:27 (2617 turns).

Gadfly the Insei (Demonspawn Monk)                  Turns: 2617, Time: 00:03:27

Health: -11/41     AC:  5    Str: 13    XL:     5   Next: 10%
Magic:  5/5        EV: 13    Int: 11    God:
Gold:   30         SH:  0    Dex: 17    Spells: 1/4 levels left

rFire   . . .        b - +10 spear of Income {speed, Will+ Dex+2}
rCold   + . .        (no shield)
rNeg    . . .        a - +1 robe
rPois   .            (helmet currently unavailable)
rElec   .            (cloak currently unavailable)
rCorr   .            (gloves currently unavailable)
SInv    +            (boots currently unavailable)
Will    +....        (no amulet)
Stlth   ++           p - ring of see invisible
HPRegen 0.26/turn    g - ring of protection from cold
MPRegen 0.09/turn

%: no passive effects
@: beast-form, weakened
A: beast (slay +1), yellow scales 1, weakness stinger 1
a: Begin Untransformation


You were on level 3 of the Dungeon.
You were a hulking beast.
You visited 1 branch of the dungeon, and saw 3 of its levels.

You collected 76 gold pieces.
You spent 46 gold pieces at shops.

Inventory:

Hand Weapons
 b - the +10 spear of Income (weapon) {speed, Will+ Dex+2}
   (You found it on level 3 of the Dungeon)

   Dex+2:     It affects your dexterity (+2).
   Will+:     It increases your willpower.
 q - a +3 vampiric dagger
Armour
 a - a +1 robe (worn)
 c - an orb of light
Jewellery
 e - a ring of ice
 g - a ring of protection from cold (right hand)
 h - a ring of flight
 p - a ring of see invisible (left hand)
Talismans
 f - a beast talisman (active)
Scrolls
 i - a scroll of vulnerability
 k - 2 scrolls of teleportation
 l - a scroll of poison
Potions
 d - a potion of brilliance {unknown}
 j - 2 potions of ambrosia
 m - a potion of curing {unknown}
 n - a potion of attraction {unknown}
 o - a potion of mutation {unknown}


   Skills:
 - Level 3.0 Fighting
 + Level 3.2 Dodging
 * Level 3.5 Unarmed Combat
 * Level 2.2 Evocations
 * Level 2.0 Shapeshifting


You had one spell level left.
You knew the following spells:

 Your Spells              Type           Power      Damage    Failure   Level
a - Swiftness             Air            0%         N/A       71%         3

Your spell library contained the following spells:

 Spells                   Type           Power      Damage    Failure   Level
 Freeze                   Ice            0%         1d3       34%         1
 Cigotuvi's Dreadful Rot  Necr/Alch/Air  0%         N/A       47%         2
 Ensorcelled Hibernation  Hex/Ice        0%         N/A       47%         2
 Frozen Ramparts          Ice            0%         1d1       71%         3
 Hailstorm                Conj/Ice       0%         3d5       71%         3
 Passwall                 Erth           0%         N/A       71%         3
 Ignite Poison            Fire/Alch      0%         N/A       98%         4
 Freezing Cloud           Conj/Ice/Air   0%         6-21      100%        5


Dungeon Overview and Level Annotations

Branches:
Dungeon (3/15)

Altars:
Hepliaklqana
Okawaru

Shops:
D:3 =*


Innate Abilities, Weirdness & Mutations

You are a hulking beast.
Your limbs bulge with bestial killing power. (Slay +1)
You are partially covered in yellow scales. (AC +2)
You have a small tail.


Message History

The gnoll is almost dead.
The gnoll barely misses you.
You puncture the gnoll!
You kill the gnoll!
You hit the gnoll bouda.
You tail-slap the gnoll bouda, but do no damage.
The gnoll bouda is moderately wounded.
The gnoll bouda gazes fiercely through you!
You feel your attacks grow feeble. The gnoll bouda misses you.
The gnoll misses you.
You hit the gnoll bouda.
The gnoll bouda is heavily wounded.
The gnoll bouda gazes fiercely through you!
You feel as though you will be weak longer.
The gnoll bouda barely misses you.
You puncture the gnoll bouda!
You kill the gnoll bouda!
The gnoll is no longer moving quickly. x3; The centaur wields a +0 orcbow.
The centaur shoots an arrow.
The arrow hits you! The gnoll misses you.
The gnoll hits you but does no damage.
Your Shapeshifting skill increases to level 2!
You have reached level 5!
The centaur shoots an arrow.
The arrow closely misses you.
The gnoll closely misses you. x2; The centaur shoots an arrow.
The arrow hits you.
Unknown command.
The gnoll completely misses you.
The centaur shoots an arrow.
The arrow hits you!
* * * LOW HITPOINT WARNING * * *
The gnoll hits you but does no damage.
Unknown command.
The centaur shoots an arrow.
The arrow barely misses you. The gnoll attacks as it pursues you!
The gnoll hits you from afar with a +0 halberd.
* * * LOW HITPOINT WARNING * * *
The gnoll attacks as it pursues you!
The gnoll hits you from afar with a +0 halberd.
* * * LOW HITPOINT WARNING * * *
The centaur shoots an arrow.
The arrow hits you!
You die...

#.##.....##.#.#.#
#.._..'g.[..#
#†##.....##.#.#.#
#.....#.c..?#
#.##.....##.#.#.#
#8...8#8g?.8#
#.##.....##.#.#.####...##
##### #.##........#.#..#
#...#
#.#####.#####.#.####gg.#
#.# #(#.......##.#g..#
#.# #.#.#8#.####.#c..#
#.# #...#...h....#.÷.#
#.#####..8<∩.8..g..#g..#
#............#....##...#
##########.8.#....c)...#
#....#...####(##o..#
#......#......##...#
####.###########...# #.#
########..)#
#.####..........# #


You could see a centaur, a gnoll and an orc.

Vanquished Creatures
  A gnoll bouda (D:3)
  An orc wizard (D:3)
  A gnoll (D:3)
  An adder (D:2)
  4 dart slugs
  2 orcs (D:3)
  3 bats
  6 endoplasms
  2 giant cockroaches
  7 hobgoblins
  8 jackals (D:2)
  2 quokkas
  7 ball pythons
  5 frilled lizards
  6 goblins
  5 kobolds
  4 rats
65 creatures vanquished.

Notes
Turn   | Place    | Note
-------+----------+-------------------------------------------
     0 | D:1      | Gadfly the Demonspawn Monk began the quest for the Orb.
     0 | D:1      | Reached XP level 1. HP: 18/18 MP: 1/1
   151 | D:1      | Gained mutation: You have a small tail. [demonic ancestry]
   151 | D:1      | Reached XP level 2. HP: 22/24 MP: 2/2
   274 | D:1      | Reached skill level 1 in Evocations
   483 | D:1      | Reached skill level 1 in Shapeshifting
   845 | D:2      | Gained mutation: You are partially covered in yellow
                  | scales. (AC +2) [demonic ancestry]
   845 | D:2      | Reached XP level 3. HP: 27/29 MP: 3/3
  1259 | D:2      | Found a hazy altar of Hepliaklqana.
  1995 | D:3      | Reached XP level 4. HP: 35/35 MP: 4/4
  2098 | D:3      | Learned a level 3 spell: Swiftness
  2333 | D:3      | Found Ryninuck's Assorted Antiques.
  2334 | D:3      | Found a faded altar of an unknown god.
  2352 | D:3      | Bought an emerald potion for 23 gold pieces
  2352 | D:3      | Bought a sedimented silvery potion for 23 gold pieces
  2387 | D:3      | Found Hecwoul's Jewellery Shop.
  2406 | D:3      | Identified the +10 spear of Income {speed, Will+ Dex+2}
  2575 | D:3      | Found an iron altar of Okawaru.
  2575 | D:3      | Found a runed translucent door.
  2579 | D:3      | Noticed a centaur
  2581 | D:3      | Found the +0 toga "Victory" {*Victory Clar}
  2612 | D:3      | Reached XP level 5. HP: 26/41 MP: 5/5
  2617 | D:3      | Shot with an arrow by a centaur

Illustrated notes

Levels and vault maps discovered:
D:1:      scummos_arrival_gate, layout_loops_ring,
          nicolae_kite_square_tiling_tiny
D:2:      layout_basic, basic_altar
D:3:      layout_basic, nicolae_overflow_guarded_unrand_okawaru_victory,
          serial_shops, shop, nicolae_shop_statue_plus,
          shapermc_ecumenical_altar_acropolis

Skill      XL: |  1  2  3  4 |
---------------+-------------+-----
Evocations     | 1 2 |  2.2
Unarmed Combat | 3 |  3.5
Shapeshifting  | 1 2 |  2.0
Dodging        | 3 |  3.2
Fighting       | |  3.0

Action                     |  1- 3 |  4- 6 || total
---------------------------+-------+-------++-------
  Melee: Unarmed           |   120 |    35 ||   155
         Tailslap          |    16 |    13 ||    29
         Spear             |       |     7 ||     7
    Use: Scroll            |     5 |     2 ||     7
 Armour: Robe              |    65 |    25 ||    90
  Dodge: Dodged            |   112 |    37 ||   149
   Form: Beast             |     1 |       ||     1
